 Dungeon Crawl Stone Soup version 0.30-a0-639-g3916f1956a (webtiles) character file.

Game seed: 8645636596880241066

812 mandoloar the Basher (level 7, -1/58 HPs)
             Began as a Minotaur Fighter on Jan 16, 2023.
             Was an Initiate of Okawaru.
             Killed by divine providence
             ... invoked by an orc priest
              (15 damage)
             ... on level 5 of the Dungeon.
             The game lasted 00:12:23 (4655 turns).

mandoloar the Basher (Minotaur Fighter)             Turns: 4655, Time: 00:12:23

Health: -1/58      AC: 12    Str: 22    XL:     7   Next: 61%
Magic:  6/6        EV:  6    Int: 11    God:    Okawaru [......]
Gold:   289        SH:  5    Dex: 10    Spells: 6/6 levels left

rFire   . . .      SeeInvis .    a - +1 flail
rCold   + . .      Faith    .    c - +1 buckler
rNeg    . . .      Spirit   .    w - +0 plate armour
rPois   .          Reflect  .    (helmet restricted)
rElec   .          Harm     .    (no cloak)
rCorr   .          Rampage  .    (no gloves)
Will    .....                    t - +0 pair of boots Stlth
                                 (no amulet)
HPRegen 0.29/turn                o - ring of protection from cold
MPRegen 0.10/turn                m - +6 ring of intelligence

@: no status effects
A: horns 2, retaliatory headbutt
a: Renounce Religion


You were on level 5 of the Dungeon.
You worshipped Okawaru.
Okawaru was noncommittal.
You visited 1 branch of the dungeon, and saw 5 of its levels.

You collected 289 gold pieces.

Inventory:

Hand Weapons
 a - a +1 flail (weapon)
Missiles
 g - 45 stones (quivered)
Armour
 c - a +1 buckler (worn)
 t - a +0 pair of boots (worn)
 w - a +0 plate armour (worn)
Jewellery
 m - a +6 ring of intelligence (right hand)
 o - a ring of protection from cold (left hand)
Wands
 p - a wand of paralysis (6)
Scrolls
 e - a scroll of identify
 h - 3 scrolls of fog
 k - 2 scrolls of enchant weapon
 n - a scroll of fear
 u - a scroll of teleportation
 v - a scroll of enchant armour
Potions
 d - a potion of might
 f - a potion of haste
 i - 2 potions of heal wounds
 j - a potion of magic
 l - 2 potions of mutation
 q - 2 potions of flight
 r - a potion of lignification
 s - 2 potions of ambrosia


   Skills:
 - Level 3.7 Fighting
 + Level 10.4 Maces & Flails
 - Level 3.7 Armour
 - Level 3.7 Shields


You had 6 spell levels left.
You didn't know any spells.
Your spell library contained the following spells:

 Spells                   Type           Power      Damage    Failure   Level
 Kiss of Death            Conj/Necr      0%         2d5       100%        1
 Confusing Touch          Hex            0%         N/A       100%        3
 Ignite Poison            Fire/Tmut/Pois 0%         N/A       100%        3
 Kindle Blastsparks       Fire/Tloc/Air  0%         2d10      100%        3
 Dispel Undead            Necr           0%         3d6       100%        4
 Freezing Cloud           Conj/Ice/Air   0%         6-21      100%        5


Dungeon Overview and Level Annotations

Branches:
Dungeon (5/15)
 Temple: D:4-7

Altars:
Cheibriados
Elyvilon
Gozag
Kikubaaqudgha
Makhleb
Okawaru
Wu Jian

Shops:
D:2 [


Innate Abilities, Weirdness & Mutations

You have a pair of horns on your head.
You reflexively headbutt those who attack you in melee.


Message History

You block the centaur's attack.
The centaur kicks you but does no damage.
An orc priest comes into view. It is wielding a +0 trident.
You hit the centaur.
The centaur is almost dead.
You block the centaur's attack.
The centaur kicks you but does no damage.
The orc priest barely misses you. The centaur hits you. The centaur kicks you.
The centaur attacks as you move away!
The centaur hits you but does no damage.
The centaur kicks you but does no damage.
The centaur wields a +0 shortbow.
The centaur shoots an arrow.
The arrow barely misses you.
A black bear comes into view.
You hear a shout!
You closely miss the orc. The orc hits you but does no damage.
You hit the orc but do no damage. You headbutt the orc!
You kill the orc!
Okawaru accepts your kill.
The centaur shoots an arrow.
The arrow hits you!
The centaur shoots an arrow.
The arrow hits you but does no damage.
The orc priest hits you but does no damage.
The centaur unwields a +0 shortbow.
The centaur barely misses you.
The centaur kicks you but does no damage.
The orc priest invokes the aid of Beogh against you.
Beogh smites you!
* * * LOW HITPOINT WARNING * * *
Things that are here:
a +0 short sword; a +0 leather armour You hit the centaur.
You kill the centaur!
Okawaru accepts your kill. The orc priest barely misses you.
You furiously retaliate!
You headbutt the orc priest.
An orc wizard comes into view. It is wielding a +0 dagger.
You hit the orc priest. Your headbutt misses the orc priest.
The orc priest is moderately wounded.
The orc priest invokes the aid of Beogh against you.
Beogh smites you!
You die...

.............# ##.#
.............# #..#
.....######### #.##
.....############.##########
.....|....................>#
...................#######.#
.....############..#####...#
.....# #########o.##....###
.....# #.....†.@h.#..####
.....# #.########o#.#####
.....# .............# .....#
###..#..####.# ... #.....# #
#...#.# #..#.#.# .....#.#.#
#[###.#.#.#


You could see a black bear, an orc priest and an orc wizard.

Vanquished Creatures
  A water moccasin (D:5)
  An ogre (D:4)
  A centaur (D:5)
  A phantom (D:5)
  A gnoll sergeant (D:5)
  A jelly (D:4)
  A hound (D:4)
  2 orc priests (D:4)
  A gnoll bouda (D:5)
  4 iguanas
  3 adders
  3 gnolls
  7 dart slugs
  6 orcs
  5 bats
  6 endoplasms
  3 giant cockroaches
  5 goblins
  9 hobgoblins
  2 jackals (D:1)
  7 kobolds
  6 quokkas
  8 ball pythons
  6 frilled lizards
  4 rats (D:1)
94 creatures vanquished.

Notes
Turn   | Place    | Note
-------+----------+-------------------------------------------
     0 | D:1      | mandoloar the Minotaur Fighter began the quest for the Orb.
     0 | D:1      | Reached XP level 1. HP: 19/19 MP: 0/0
    77 | D:1      | Reached XP level 2. HP: 25/27 MP: 1/1
   107 | D:1      | Reached skill level 3 in Maces & Flails
   235 | D:1      | Reached XP level 3. HP: 32/33 MP: 2/2
   253 | D:1      | Reached skill level 4 in Maces & Flails
  1212 | D:2      | Reached XP level 4. HP: 40/40 MP: 3/3
  1262 | D:2      | Found Pessereg's Antique Armour Boutique.
  1278 | D:2      | Reached skill level 5 in Maces & Flails
  1760 | D:2      | Found a burning altar of Makhleb.
  2040 | D:3      | Found an ornate altar of the Wu Jian Council.
  2042 | D:3      | Found an ancient bone altar of Kikubaaqudgha.
  2043 | D:3      | Found a white marble altar of Elyvilon.
  2800 | D:4      | Reached skill level 6 in Maces & Flails
  2800 | D:4      | Reached XP level 5. HP: 23/46 MP: 4/4
  3132 | D:4      | Reached skill level 7 in Maces & Flails
  3242 | D:4      | Identified the +6 leather armour of Subjectivity {*Corrode
                  | rN++ Str+8 Dex-5}
  3265 | D:4      | Reached XP level 6. HP: 48/52 MP: 5/5
  3351 | D:4      | Found a snail-covered altar of Cheibriados.
  3544 | D:4      | Reached skill level 8 in Maces & Flails
  4052 | D:5      | Entered Level 5 of the Dungeon
  4076 | D:5      | Noticed a water moccasin
  4304 | D:5      | Found an iron altar of Okawaru.
  4309 | D:5      | Found an opulent altar of Gozag.
  4317 | D:5      | Reached skill level 9 in Maces & Flails
  4317 | D:5      | Reached XP level 7. HP: 51/58 MP: 6/6
  4333 | D:5      | Became a worshipper of Warmaster Okawaru
  4641 | D:5      | Reached skill level 10 in Maces & Flails
  4655 | D:5      | Killed from afar by an orc priest

Illustrated notes

Levels and vault maps discovered:
D:1:      psy_arrival_statuary, layout_basic, serial_aquarium,
          aquarium_bridge_square [aquarium_subvault_window,
          aquarium_subvault_bridge, aquarium_subvault_wall,
          aquarium_subvault_bridge], aquarium_window_1, aquarium_window_fake,
          aquarium_window_fake, aquarium_window_2, aquarium_view_2a,
          chequers_serial_rivers_micro_d, patterned_corridor
D:2:      layout_basic, basic_altar, serial_shops,
          nicolae_shop_temple_entry_statues_fountains
D:3:      layout_loops_ring, chequers_temple_overflow_statue_of_worship
D:4:      cheibrodos_old_hovel, layout_basic, kennysheep_slug_shrine
D:5:      kennysheep_windowed_halls, layout_basic, jmf_multi_god_temple,
          kennysheep_generic_room_6

Skill      XL: |  1  2  3  4  5  6  7 |
---------------+----------------------+-----
Maces & Flails | 3 4 6 7 9 10 | 10.4
Fighting       | |  3.7
Armour         | |  3.7
Shields        | |  3.7

Action                   |  1- 3 |  4- 6 |  7- 9 || total
-------------------------+-------+-------+-------++-------
Melee: Flail             |    76 |   118 |    31 ||   225
       Headbutt          |     8 |    15 |     6 ||    29
Throw: Stone             |     1 |    14 |     1 ||    16
  Use: Scroll            |     4 |     7 |     3 ||    14
Armor: Scale mail        |    31 |    47 |       ||    78
       Plate armour      |       |       |    21 ||    21
Dodge: Dodged            |    39 |    28 |    13 ||    80
Block: Buckler           |    19 |    22 |     9 ||    50

Table legend: (Time is in decaauts)
 A = Elapsed time spent in this place.
 B = Non-inter-level travel time spent in this place.
 C = Inter-level travel time spent in this place.
 D = Time resting spent in this place.
 E = Time spent auto-exploring this place.
 F = Levels seen in this place.
 G = Mean time per level.
                   A        B        C        D        E       F      G
               +--------+--------+--------+--------+--------+-----+--------+
         Total |   4697 |   4453 |    244 |    665 |   2894 |   5 |  939.4 |
       Dungeon |   4697 |   4453 |    244 |    665 |   2894 |   5 |  939.4 |
               +--------+--------+--------+--------+--------+-----+--------+

Top non-repeatable levels by time:
     D:4: 1397 daAuts
     D:2: 1048 daAuts
     D:1: 971 daAuts
     D:3: 723 daAuts
     D:5: 555 daAuts
